 Dungeon Crawl Stone Soup version 0.31-a0-354-g827e0957a7 (webtiles) character file.

Game seed: 11265008873939648058

384 MacCMillion the Ruffian (level 6, -4/40 (48) HPs)
             Began as a Merfolk Shapeshifter on July 24, 2023.
             Was a Follower of Trog.
             Slain by a chaos spawn (12 damage)
             ... summoned by a kobold demonologist
             ... on level 5 of the Dungeon.
             The game lasted 00:05:09 (3708 turns).

MacCMillion the Ruffian (Merfolk Shapeshifter)      Turns: 3708, Time: 00:05:10

HP:   -4/40 (48)    AC:  5    Str: 17    XL:     6   Next: 77%
MP:   6/6           EV: 13    Int:  7    God:    Trog [*.....]
Gold: 193           SH:  0    Dex: 15    Spells: 5/5 levels left

rFire   . .          .
                       - Unarmed
rCold   . . .        (no shield)
rNeg    . . .        e - +0 ring mail
rPois   .            (helmet currently unavailable)
rElec   .            (cloak currently unavailable)
rCorr   .            (gloves currently unavailable)
SInv    .            (boots currently unavailable)
Will    .....        (no amulet)
Stlth   +            (no ring)
HPRegen 0.26/turn    (no ring)
MPRegen 0.10/turn

%: no passive effects
@: beast-form, heavily drained
A: beast (slay +2), (nimble swimmer 2), mertail
a: Begin Untransformation, Renounce Religion, Berserk


You were on level 5 of the Dungeon.
You worshipped Trog.
Trog was aware of your devotion.
You were a hulking beast.
You visited 1 branch of the dungeon, and saw 5 of its levels.

You collected 193 gold pieces.

Inventory:

Armour
 a - a +0 animal skin
 e - a +0 ring mail (worn)
Jewellery
 i - a +6 ring of strength
 r - an amulet of guardian spirit
 u - a +6 ring of strength
Talismans
 c - a beast talisman
Wands
 s - a wand of flame (25)
Scrolls
 h - 2 scrolls of silence {unknown}
 k - 4 scrolls of identify {unknown}
 l - a scroll of noise {unknown}
 m - a scroll of brand weapon {unknown}
 o - 2 scrolls of poison {unknown}
 q - a scroll of vulnerability {unknown}
 t - a scroll of fear {unknown}
 w - a scroll of teleportation {unknown}
 y - a scroll of immolation {unknown}
Potions
 b - 3 potions of lignification
 d - 5 potions of curing {unknown}
 f - a potion of berserk rage {unknown}
 g - a potion of mutation {unknown}
 j - 2 potions of haste {unknown}
 n - a potion of invisibility {unknown}
 p - 2 potions of degeneration {unknown}
 v - a potion of attraction {unknown}
 x - a potion of cancellation {unknown}


   Skills:
 + Level 3.6 Fighting
 + Level 5.0 Dodging
 * Level 6.2 Unarmed Combat
 - Level 4.0 Shapeshifting


You had 5 spell levels left.
You didn't know any spells.
Your spell library contained the following spells:

 Spells                   Type           Power      Damage    Failure   Level
 Summon Guardian Golem    Hex/Summ       0%         N/A       95%         3
 Orb of Destruction       Conj           0%         9d5       100%        7
 Spellforged Servitor     Conj/Summ      0%         N/A       100%        7


Dungeon Overview and Level Annotations

Branches:
Dungeon (5/15)
 Temple: D:4-7

Altars:
Trog

Shops:
D:5 [!**


Innate Abilities, Weirdness & Mutations

You are a hulking beast.
Your limbs bulge with bestial killing power. (Slay +2)
((You are very nimble when in or above water. (Stealth+, EV+, Speed+++)))
Your lower body shifts to a powerful aquatic tail in water.


Message History

You barely miss the kobold demonologist.
The kobold demonologist is lightly wounded.
The kobold demonologist hits you with a +2 dagger of draining.
You feel drained.
You hit the kobold demonologist.
The kobold demonologist is lightly wounded.
The kobold demonologist hits you but does no damage.
You feel drained.
You barely miss the kobold demonologist.
The kobold demonologist is lightly wounded.
The kobold demonologist begins to cast a cantrip, but forgets the words!
You punch the kobold demonologist!
The kobold demonologist is moderately wounded.
The kobold demonologist hits you with a +2 dagger of draining.
You feel drained.
You completely miss the kobold demonologist.
The kobold demonologist is moderately wounded.
The kobold demonologist gestures wildly while chanting.
You hit the kobold demonologist but do no damage.
The kobold demonologist is moderately wounded.
The kobold demonologist gestures wildly while chanting.
You hit the kobold demonologist.
The kobold demonologist is heavily wounded.
The chaos spawn gores you! The chaos spawn shocks you!
* * * LOW HITPOINT WARNING * * *
The kobold demonologist misses you.
You hit the kobold demonologist but do no damage.
The kobold demonologist is heavily wounded.
The chaos spawn barely misses you.
You barely miss the kobold demonologist.
The kobold demonologist is heavily wounded.
The kobold demonologist miscasts a cantrip.
The white imp hits you but does no damage.
The chaos spawn barely misses you.
You hit the kobold demonologist.
The kobold demonologist is heavily wounded.
The kobold demonologist mumbles some strange words.
The white imp hits you but does no damage.
The chaos spawn hits you!
You die...

#...........#.......
##....##...##.......
##....##...##.......
#............§.4.K..
#..........###+###..
#...∩......# ###
##.∩∩∩.....#
##..∩......+
#.5h4......#
#.K4.......#
####+###...# #...#
....# .....# ....#


You could see a kobold demonologist, 2 chaos spawn and a white imp (summoned).

Vanquished Creatures
  An ogre (D:5)
  3 hounds
  An orc wizard (D:4)
  An iguana (D:4)
  7 adders
  A worm (D:3)
  6 dart slugs
  3 orcs
  4 bats
  9 endoplasms
  A giant cockroach (D:2)
  2 goblins
  10 hobgoblins
  3 jackals (D:3)
  6 quokkas
  4 ball pythons
  5 frilled lizards
  9 kobolds
  9 rats
85 creatures vanquished.

Notes
Turn   | Place    | Note
-------+----------+-------------------------------------------
     0 | D:1      | MacCMillion the Merfolk Shapeshifter began the quest for
                  | the Orb.
     0 | D:1      | Reached XP level 1. HP: 15/15 MP: 1/1
   259 | D:1      | Reached XP level 2. HP: 21/21 MP: 2/2
   646 | D:1      | Reached XP level 3. HP: 27/27 MP: 3/3
   647 | D:1      | Reached skill level 4 in Unarmed Combat
   890 | D:2      | Found a bloodstained altar of Trog.
   924 | D:2      | Became a worshipper of Trog the Wrathful
   992 | D:2      | Reached XP level 4. HP: 33/33 MP: 4/4
  1356 | D:2      | Found a faded altar of an unknown god.
  2130 | D:3      | Reached XP level 5. HP: 37/39 MP: 5/5
  2159 | D:3      | Reached * piety under Trog
  2232 | D:3      | Reached skill level 5 in Unarmed Combat
  3077 | D:4      | Reached XP level 6. HP: 44/47 MP: 6/6
  3379 | D:5      | Entered Level 5 of the Dungeon
  3379 | D:5      | Found Xolab's Antique Armour Emporium.
  3436 | D:5      | Found Livvoz's Distillery.
  3438 | D:5      | Found Qedghe's Assorted Antiques.
  3522 | D:5      | Found Siblesm's Assorted Antiques.
  3566 | D:5      | Reached skill level 5 in Dodging
  3566 | D:5      | Reached skill level 6 in Unarmed Combat
  3569 | D:5      | Noticed a kobold demonologist
  3570 | D:5      | Noticed a red devil
  3704 | D:5      | Noticed a chaos spawn
  3708 | D:5      | Slain by a chaos spawn

Illustrated notes

Levels and vault maps discovered:
D:1:      dpeg_arrival_central, layout_basic, minmay_ruptured
D:2:      layout_basic, basic_altar, basic_ecumenical_altar,
          serial_park_tiny_pond
D:3:      layout_loops_ring
D:4:      layout_basic
D:5:      layout_gridville, serial_shops, nicolae_shop_dealshenge,
          nicolae_shop_tiny_statue_garden, shop, shop,
          nicolae_shop_tiny_statue_garden, minmay_manual_moon

Skill      XL: |  1  2  3  4  5  6 |
---------------+-------------------+-----
Dodging        | 3 4 5 |  5.0
Unarmed Combat | 4 5 6 |  6.2
Fighting       | 2 3 |  3.6
Shapeshifting  | |  4.0

Action                     |  1- 3 |  4- 6 || total
---------------------------+-------+-------++-------
  Melee: Unarmed           |    91 |   167 ||   258
         Punch             |     3 |     3 ||     6
  Evoke: Wand              |       |     2 ||     2
   Stab: Sleeping          |     2 |       ||     2
 Armour: Animal skin       |     1 |       ||     1
         Ring mail         |    32 |    42 ||    74
  Dodge: Dodged            |    51 |    83 ||   134

Table legend: (Time is in decaauts)
 A = Elapsed time spent in this place.
 B = Non-inter-level travel time spent in this place.
 C = Inter-level travel time spent in this place.
 D = Time resting spent in this place.
 E = Time spent auto-exploring this place.
 F = Levels seen in this place.
 G = Mean time per level.
                   A        B        C        D        E       F      G
               +--------+--------+--------+--------+--------+-----+--------+
         Total |   3684 |   3559 |    125 |    175 |   2685 |   5 |  736.8 |
       Dungeon |   3684 |   3559 |    125 |    175 |   2685 |   5 |  736.8 |
               +--------+--------+--------+--------+--------+-----+--------+

Top non-repeatable levels by time:
     D:2: 981 daAuts
     D:4: 899 daAuts
     D:1: 853 daAuts
     D:3: 726 daAuts
     D:5: 223 daAuts
